 Dungeon Crawl Stone Soup version 0.30.0-20-g3615ddf2f0 (webtiles) character file.

Game seed: 10479317614144341802

639 qw the Chopper (level 7, -1/43 HPs)
             Began as a Gargoyle Fighter on June 1, 2023.
             Slain by a gnoll
             ... wielding a +0 spear
             ... led by a gnoll bouda
              (4 damage)
             ... on level 5 of the Dungeon.
             The game lasted 00:01:45 (3556 turns).

qw the Chopper (Gargoyle Fighter)                   Turns: 3556, Time: 00:01:46

Health: -1/43      AC: 13    Str: 22    XL:     7   Next: 51%
Magic:  7/7        EV:  9    Int: 12    God:
Gold:   188        SH:  4    Dex:  9    Spells: 6/6 levels left

rFire   + . .        Y - +1 war axe
rCold   . . .        c - +0 buckler
rNeg    + + .        b - +0 scale mail
rPois   inf          (no helmet)
rElec   +            (no cloak)
rCorr   .            g - +1 pair of gloves
SInv    .            (no boots)
Will    .....        (no amulet) Stlth
                     a - ring of Lust {rN+ Int+4}
HPRegen 0.27/turn    l - ring of protection from fire
MPRegen 0.10/turn

%: no passive effects
@: no status effects
A: sickness immunity, AC +4, negative energy resistance 1, electricity
resistance, torment resistance 1, petrification resistance
a: no special abilities


You were on level 5 of the Dungeon.
You visited 1 branch of the dungeon, and saw 5 of its levels.

You collected 188 gold pieces.


Innate Abilities, Weirdness & Mutations

You are immune to sickness and miasma.
Your stone body is resilient. (AC +4)
You are immune to poison.
You resist negative energy. (rN+)
You are resistant to electric shocks. (rElec)
You are resistant to unholy torment.
You are immune to petrification.


   Skills:
 + Level 4.1 Fighting
 - Level 7.0 Axes
 - Level 3.2 Armour
 - Level 1.0 Dodging
 - Level 3.2 Shields


You had 6 spell levels left.
You didn't know any spells.
Your spell library was empty.

Inventory:

Hand Weapons
 f - a +0 whip
 Y - a +1 war axe (weapon)
Armour
 b - a +0 scale mail (worn)
 c - a +0 buckler (worn)
 g - a +1 pair of gloves (worn)
 o - a +0 kite shield
 p - a +1 scale mail of cold resistance
Jewellery
 a - the ring of Lust (left hand) {rN+ Int+4}
   (You acquired it on level 1 of the Dungeon)

   [ring of positive energy]

   Int:       It affects your intelligence (+4).
   rN:        It protects you from negative energy.
 h - a ring of ice
 l - a ring of protection from fire (right hand)
Scrolls
 r - a scroll of vulnerability {unknown}
 s - a scroll of identify {unknown}
Potions
 d - 3 potions of might
 e - a potion of curing
 i - 3 potions of brilliance {unknown}
 j - a potion of mutation {unknown}
 k - a potion of attraction {unknown}
 m - a potion of degeneration {unknown}
 q - 3 potions of invisibility {unknown}

Dungeon Overview and Level Annotations

Branches:
Dungeon (5/15)
 Temple: D:4-7

Altars:
Sif Muna
Zin

Annotations:
D:3 3 runed translucent doors, qw's ghost, amateur GrFi
D:4 1 runed translucent door, qw's ghost, amateur GrFi


Message History

The gnoll barely misses you.
You hit the gnoll.
You kill the gnoll!
You hit the gnoll. You closely miss the gnoll bouda.
The gnoll is no longer moving quickly.
The gnoll hits you but does no damage. The gnoll hits you with a +0 whip.
The gnoll bouda barely misses you. You block the gnoll's attack. x2
You slash the gnoll bouda!
You kill the gnoll bouda!
You hit the gnoll. The gnoll hits you but does no damage.
The gnoll hits you from afar with a +0 halberd.
The gnoll barely misses you.
You slash the gnoll!
You kill the gnoll!
The gnoll closely misses you. You block the gnoll's attack.
The gnoll hits you with a +0 whip.
You slash the gnoll!
The gnoll is almost dead.
The gnoll closely misses you. The gnoll hits you but does no damage.
You block the gnoll's attack.
You slash the gnoll!
You kill the gnoll!
You block the gnoll's attack. The gnoll barely misses you.
The gnoll hits you with a +0 halberd. The gnoll completely misses you.
You see here a +0 whip.
You closely miss the gnoll. You barely miss the gnoll.
The gnoll hits you but does no damage. The gnoll completely misses you.
You slash the gnoll!
You kill the gnoll!
You completely miss the gnoll. The gnoll closely misses you.
The gnoll barely misses you.
Your Axes skill increases to level 7!
You hit the gnoll.
The gnoll is moderately wounded.
The gnoll barely misses you.
You barely miss the gnoll.
The gnoll is moderately wounded.
The gnoll hits you with a +0 spear.
You die...

#.......######.##...........)..
#......#######.#..#####........
...............................
#......#####...#####...........
#......#.....#.##....##........
#........#####....######...##.#
#................## .. ...# .
#..............).## .# (.##
#...............@)#..# #.#
................g)..# .#
###.###............## .##.#
#.......<...... .#..#
#................
...#######...........##.g
.........#.......!.... .
....####.#..........#..
###....#............##.#


You could see a gnoll.

Vanquished Creatures
  A phantom (D:3)
  3 scorpions
  2 hounds
  An orc priest (D:4)
  A gnoll bouda (D:5)
  2 iguanas (D:5)
  Ijyb (D:5)
  A sleepcap (D:5)
  7 gnolls
  4 adders
  A worm (D:4)
  A dart slug (D:1)
  4 orcs (D:4)
  6 endoplasms
  A giant cockroach (D:1)
  7 goblins
  7 hobgoblins
  3 jackals (D:4)
  2 kobolds
  7 quokkas
  4 ball pythons
  5 bats (D:2)
  4 frilled lizards
  A rat (D:2)
76 creatures vanquished.

Notes
Turn   | Place    | Note
-------+----------+-------------------------------------------
     0 | D:1      | qw the Gargoyle Fighter began the quest for the Orb.
     0 | D:1      | Reached XP level 1. HP: 14/14 MP: 1/1
     0 | D:1      | 0 ||| qw: Version: 0.2-a-102-gdf20003
     0 | D:1      | 0 ||| qw: Game counter: 748
     0 | D:1      | 0 ||| qw: Always use a shield: true
     0 | D:1      | 0 ||| qw: God list: Okawaru
     0 | D:1      | 0 ||| qw: Allow faded altars: false
     0 | D:1      | 0 ||| qw: Do Orc after D:15 true
     0 | D:1      | 0 ||| qw: Do second Lair branch before Depths: true
     0 | D:1      | 0 ||| qw: Lair rune preference: random
     0 | D:1      | 0 ||| qw: Plans: Normal, Zot:1-4, Slime:5, God:TSO, Crypt,
                  | Tomb, Pan, Hells, Abyss, Win
     0 | D:1      | 0 ||| PLANNING D:1-11
    67 | D:1      | Reached skill level 2 in Axes
    78 | D:1      | 78 ||| Stepping ~*~*~tactically~*~*~ (hiding).
    80 | D:1      | 80 ||| Stepping ~*~*~tactically~*~*~ (hiding).
   197 | D:1      | Reached XP level 2. HP: 17/19 MP: 2/2
   718 | D:1      | 718 ||| READING scroll labelled VIOS WOPLEERYC.
   719 | D:1      | 719 ||| READING scroll labelled DOBBOXTATUKH.
   719 | D:1      | Identified a scroll of acquirement
   719 | D:1      | 719 ||| ACQUIRING ring of Lust {rN+ Int+4}
   719 | D:1      | Acquired the ring of Lust {rN+ Int+4}
   721 | D:1      | 721 ||| UPGRADING to ring of Lust {rN+ Int+4}.
   722 | D:1      | 722 ||| READING scroll labelled XYAHA GOSIRCH.
   777 | D:2      | Reached skill level 3 in Axes
   777 | D:2      | Reached XP level 3. HP: 23/23 MP: 3/3
   795 | D:2      | 795 ||| Stepping ~*~*~tactically~*~*~ (hiding).
   797 | D:2      | 797 ||| Stepping ~*~*~tactically~*~*~ (hiding).
   798 | D:2      | 798 ||| Stepping ~*~*~tactically~*~*~ (hiding).
   799 | D:2      | 799 ||| Stepping ~*~*~tactically~*~*~ (hiding).
   800 | D:2      | 800 ||| Stepping ~*~*~tactically~*~*~ (hiding).
  1195 | D:2      | 1195 ||| Stepping ~*~*~tactically~*~*~ (stealth).
  1671 | D:2      | 1671 ||| UPGRADING to +1 pair of gloves.
  1676 | D:2      | 1676 ||| UPGRADING to ring of protection from fire.
  1677 | D:2      | 1677 ||| READING scroll labelled JAUPRI LOUQ.
  1682 | D:2      | 1682 ||| READING scroll labelled HEUTOU IMMAISM.
  1683 | D:2      | 1683 ||| READING scroll labelled LIXUUT FOIFYECSIGE.
  1766 | D:3      | Found a glowing silver altar of Zin.
  1794 | D:3      | Found a runed translucent gate.
  1794 | D:3      | Found a runed translucent gate.
  1794 | D:3      | Found a runed translucent gate.
  1798 | D:3      | Identified the +0 ring mail of the Abyss {rC+ rCorr Dex-3}
  1799 | D:3      | Noticed qw's ghost (amateur GrFi)
  1883 | D:3      | Noticed a phantom
  1898 | D:3      | Killed a phantom
  1899 | D:3      | Reached skill level 4 in Axes
  1899 | D:3      | Reached XP level 4. HP: 26/28 MP: 4/4
  1899 | D:3      | Reached XP level 5. HP: 30/32 MP: 5/5
  1937 | D:3      | Found a shimmering blue altar of Sif Muna.
  2272 | D:3      | 2272 ||| READING scroll labelled BEPLOTAAGITO.
  2273 | D:3      | 2273 ||| READING scroll labelled QICIWO PASOX.
  2274 | D:3      | 2274 ||| DRINKING 2 bubbling green potions.
  2275 | D:3      | 2275 ||| DRINKING 2 dark potions.
  2276 | D:3      | 2276 ||| DROPPING potion of magic.
  2342 | D:4      | 2342 ||| Stepping ~*~*~tactically~*~*~ (stealth).
  2344 | D:4      | 2344 ||| Stepping ~*~*~tactically~*~*~ (stealth).
  2345 | D:4      | 2345 ||| Stepping ~*~*~tactically~*~*~ (stealth).
  2360 | D:4      | Reached skill level 5 in Axes
  2466 | D:4      | 2466 ||| Stepping ~*~*~tactically~*~*~ (stealth).
  2509 | D:4      | Reached XP level 6. HP: 31/38 MP: 6/6
  2538 | D:4      | Found a runed translucent door.
  2543 | D:4      | Noticed qw's ghost (amateur GrFi)
  2685 | D:4      | 2685 ||| Stepping ~*~*~tactically~*~*~ (stealth).
  2697 | D:4      | 2697 ||| Stepping ~*~*~tactically~*~*~ (hiding).
  2698 | D:4      | 2698 ||| Stepping ~*~*~tactically~*~*~ (hiding).
  2702 | D:4      | Reached skill level 1 in Dodging
  3223 | D:4      | 3223 ||| DRINKING 2 bubbling ruby potions.
  3243 | D:5      | Entered Level 5 of the Dungeon
  3257 | D:5      | Reached skill level 6 in Axes
  3296 | D:5      | Noticed Ijyb
  3306 | D:5      | Killed Ijyb
  3307 | D:5      | Reached XP level 7. HP: 36/43 MP: 7/7
  3530 | D:5      | 3530 ||| Stepping ~*~*~tactically~*~*~ (hiding).
  3533 | D:5      | 3533 ||| Stepping ~*~*~tactically~*~*~ (hiding).
  3544 | D:5      | HP: 7/43 [gnoll bouda/+0 whip (5)]
  3545 | D:5      | 3545 ||| DRINKING potion of heal wounds.
  3549 | D:5      | HP: 7/43 [gnoll/+0 whip[a gnoll bouda] (3)]
  3552 | D:5      | HP: 2/43 [gnoll/+0 halberd[a gnoll bouda] (6)]
  3555 | D:5      | Reached skill level 7 in Axes
  3556 | D:5      | Slain by a gnoll

Levels and vault maps discovered:
D:1:      minmay_arrival_hallway, layout_basic
D:2:      layout_basic, chequers_serial_rivers_micro_d,
          hangedman_abyss_or_decor_stabs
D:3:      layout_rooms, mainiacjoe_overflow_alcove_4, zin_treasury,
          biasface_ghost_orc_armoury
D:4:      layout_basic, ebering_ghost_reflecting_pool,
          minmay_stone_trees_medium, kennysheep_nondescript,
          minmay_misc_feat_four_crosses
D:5:      layout_rooms, uniq_ijyb

Skill      XL: |  1  2  3  4  5  6  7 |
---------------+----------------------+-----
Axes           | 2 3 4 5 6 7 |  7.0
Fighting       | 4 |  4.1
Dodging        | 1 |  1.0
Armour         | |  3.2
Shields        | |  3.2

Action                     |  1- 3 |  4- 6 |  7- 9 || total
---------------------------+-------+-------+-------++-------
  Melee: War axe           |    95 |   126 |    42 ||   263
    Use: Scroll            |     6 |     2 |       ||     8
         Potion            |       |     3 |     1 ||     4
 Armour: Scale mail        |    49 |    58 |    20 ||   127
  Dodge: Dodged            |    36 |    50 |    32 ||   118
  Block: Buckler           |    18 |    22 |     9 ||    49

Table legend:
 A = Non-vault XP
 B = Vault XP
 C = Vault XP percentage of total XP
 D = Non-vault monster count
 E = Vault monster count
 F = Vault count percentage of total count
                 A         B        C        D         E       F
            +---------+---------+-------+---------+---------+-------
      Total |     878 |      36 |   3.9 |      75 |       1 |   1.3
            +---------+---------+-------+---------+---------+-------
        D:1 |      25 |       0 |   0.0 |      13 |       0 |   0.0
        D:2 |      31 |       0 |   0.0 |      14 |       0 |   0.0
        D:3 |     114 |       0 |   0.0 |       5 |       0 |   0.0
        D:4 |     379 |       0 |   0.0 |      33 |       0 |   0.0
        D:5 |     329 |      36 |   9.9 |      10 |       1 |   9.1
            +---------+---------+-------+---------+---------+-------
